 Dungeon Crawl Stone Soup version 0.15.1-4-gac8487e (webtiles) character file.

133 Psiweapon the Slasher (level 4, -2/36 HPs)
             Began as a Vampire Berserker on Oct 14, 2014.
             Was a Believer of Trog.
             Slain by a gnoll
             ... wielding a +0 whip
              (8 damage)
             ... on Level 2 of the Dungeon.
             The game lasted 00:05:36 (1943 turns).

Psiweapon the Slasher (Vampire Berserker)           Turns: 1943, Time: 00:05:36

HP  -2/36        AC  4     Str 16      XL: 4   Next: 94%
MP   4/4         EV 12     Int  9      God: Trog [**....]
Gold 70          SH  0     Dex 14      Spells:  0 memorised,  3 levels left

rFire  . . .     SeeInvis +     a - +0 falchion
rCold  . . .     Clarity  .     e - +0 leather armour
rNeg   . . .     rCorr    .     (no shield)
rPois  .         rRot     .     (no helmet)
rElec  .         Spirit   .     (no cloak)
SustAb .         Warding  .     g - +0 pair of gloves
rMut   .         Stasis   .     (no boots)
Gourm  .                        (no amulet)
MR     .....                    (no ring)
                                (no ring)

@: exhausted, regenerating quickly, slowed, very slow, not resistant to hostile
enchantments, very unstealthy
A: fangs 3, see invisible, unbreathing
a: Burn Spellbooks, Berserk, Trog's Hand, Renounce Religion


You were on level 2 of the Dungeon.
You worshipped Trog.
Trog was pleased with you.
You were full.

You visited 1 branch of the dungeon, and saw 3 of its levels.

You collected 70 gold pieces.

Inventory:

Hand weapons
 a - a +0 falchion (weapon)
 p - a +2 dagger of speed
Missiles
 k - 16 poisoned needles
Armour
 b - a +0 animal skin
 e - a +0 leather armour (worn)
 g - a +0 pair of gloves (worn)
Scrolls
 f - 2 scrolls of noise {unknown}
 h - 3 scrolls of remove curse {unknown}
 i - 3 scrolls of identify {unknown}
 j - a scroll of amnesia {unknown}
 o - a scroll of enchant armour {unknown}
Potions
 c - a potion of blood
 d - a potion of restore abilities
 m - a potion of poison {unknown}
 n - a potion of confusion {unknown}


   Skills:
 + Level 3.6 Fighting
 + Level 3.8 Long Blades
 + Level 2.4 Armour
 + Level 3.0 Dodging
 + Level 0.9 Stealth


You had 3 spell levels left.
You didn't know any spells.

Dungeon Overview and Level Annotations

Branches:
Dungeon (3/15)

Altars:
Cheibriados
Vehumet


Innate Abilities, Weirdness & Mutations

Your natural rate of healing is unusually fast.
You have razor-sharp teeth.
You have supernaturally acute eyesight.
You can survive without breathing.


Message History

The gnoll closely misses you. The gnoll hits you with a whip.
* * * LOW HITPOINT WARNING * * *
An adder comes into view.
The gnoll barely misses you.
Found a mace.
The gnoll closely misses you.
There is a stone staircase leading up here.
The gnoll hits you with a whip.
* * * LOW HITPOINT WARNING * * *
The gnoll closely misses you. The gnoll hits you but does no damage.
You climb upwards.
There is a stone staircase leading down here.
You closely miss the gnoll. Your bite misses the gnoll.
The gnoll is severely wounded.
The gnoll hits you but does no damage.
You completely miss the gnoll.
The gnoll is severely wounded.
The gnoll hits you with a whip!
You die...

# # ### ..############
.............# ..##########.#
############ ### #...# #.#
#..........#
######.#.###<#####.########.####
........_.......@......# #.....#
#......#.#.......g.###.# #..##.#
#.###.#..###.#########.# #..##.#
#....[..## #.# #>...# #..##.#
#..##.######.######.#### #..##.#
#..##...............######..##.#
...%......##...................#
#..###..#....######.......###..##
...##...#...## #..........# #....


You could see a gnoll.

Vanquished Creatures
  An iguana (D:3)
  Ijyb (D:3)
  Jessica (D:2)
  2 gnolls (D:3)
  2 adders
  A giant gecko (D:2)
  A ball python (D:1)
  4 bats
  A giant cockroach (D:3)
  7 goblins
  7 hobgoblins
  4 jackals (D:2)
  A quokka (D:2)
  3 kobolds
  A rat (D:1)
37 creatures vanquished.

Notes
Turn   | Place    | Note
--------------------------------------------------------------
     0 | D:1      | Psiweapon, the Vampire Berserker, began the quest for the Orb.
     0 | D:1      | Reached XP level 1. HP: 17/17 MP: 1/1
   545 | D:1      | Reached XP level 2. HP: 21/23 MP: 2/2
  1021 | D:2      | Found a radiant altar of Vehumet.
  1237 | D:2      | Reached XP level 3. HP: 20/29 MP: 3/3
  1342 | D:2      | Noticed Jessica
  1349 | D:2      | Killed Jessica
  1407 | D:2      | Found a snail-covered altar of Cheibriados.
  1575 | D:3      | Noticed Ijyb
  1606 | D:3      | Killed Ijyb
  1606 | D:3      | Reached XP level 4. HP: 27/35 MP: 4/4
  1928 | D:3      | Acquired Trog's second power
  1943 | D:2      | Slain by a gnoll

Action                   |  1- 3 |  4- 6 || total
-------------------------+-------+-------++-------
Melee: Falchion          |   122 |    44 ||   166
Invok: Berserk           |     1 |     1 ||     2
  Use: Potion            |       |     2 ||     2
  Eat: Corpse            |     6 |     4 ||    10
